 Dungeon Crawl Stone Soup version 0.28.0-45-g0d030f2227 (webtiles) character file.

Game seed: 5397952592568683855

32057 Peloso the Fencer (level 13, -1/117 HPs)
             Began as a Minotaur Fighter on Apr 15, 2022.
             Was the Champion of Okawaru.
             Slain by a reaper
             ... wielding a +1 scythe of freezing
              (29 damage)
             ... in an ice cave.
             The game lasted 00:25:36 (17069 turns).

Peloso the Fencer (Minotaur Fighter)               Turns: 17069, Time: 00:25:37

Health: -1/117     AC: 22    Str: 25    XL:     13   Next: 29%
Magic:  10/12      EV: 12    Int:  8    God:    Okawaru [******]
Gold:   875        SH: 14    Dex: 11    Spells: 12/12 levels left

rFire   . . .      SeeInvis .   a - +2 scimitar (flame)
rCold   + + .      Faith    .   s - +1 buckler {rC+}
rNeg    . . .      Spirit   .   I - +3 chain mail {rPois}
rPois   +          Reflect  +   g - +1 hat
rElec   .          Harm     .   v - +0 cloak
rCorr   .          Rampage  .   (no gloves)
Will    .....                   e - +0 pair of boots
Stlth   +.........              y - amulet of reflection
HPRegen 0.29/turn               l - ring "Eruts" {Int+3 Slay+4 Stlth+}
MPRegen 0.13/turn               D - ring of protection from cold

@: heroic
A: horns 2, retaliatory headbutt
a: Renounce Religion, Heroism, Finesse, Duel


You were in an ice cave.
You worshipped Okawaru.
Okawaru was exalted by your worship.
You visited 3 branches of the dungeon, and saw 15 of its levels.
You also visited: Ice Cave.

You collected 875 gold pieces.

Inventory:

Hand Weapons
 a - a +2 scimitar of flaming (weapon)
 b - a +0 vorpal long sword
Missiles
 h - 6 throwing nets (quivered)
Armour
 c - a +0 tower shield
 e - a +0 pair of boots (worn)
 g - a +1 hat (worn)
 s - a +1 buckler of cold resistance (worn)
 v - a +0 cloak (worn)
 I - a +3 chain mail of poison resistance (worn)
Jewellery
 l - the ring "Eruts" (left hand) {Int+3 Slay+4 Stlth+}
   (You found it on level 4 of the Dungeon)

   [ring of slaying]

   Int:       It affects your intelligence (+3).
   Slay:      It affects your accuracy & damage with ranged weapons and melee
   (+4).
   Stlth:     It makes you more stealthy.
 o - the ring of Xom's Recklessness {*Corrode rPois Int+2 Dex+4}
   (You found it on level 10 of the Dungeon)

   [ring of poison resistance]

   Int:       It affects your intelligence (+2).
   Dex:       It affects your dexterity (+4).
   rPois:     It protects you from poison.
   *Corrode:  It may corrode you when you take damage.
 t - an amulet of the acrobat
 y - an amulet of reflection (around neck)
 D - a ring of protection from cold (right hand)
 E - a ring of poison resistance
Wands
 r - a wand of paralysis (5)
 w - a wand of acid (21)
 x - a wand of digging (9)
 z - a wand of iceblast (9)
 A - a wand of flame (31)
 C - a wand of polymorph (17)
 H - a wand of mindburst (5)
Scrolls
 i - 5 scrolls of noise
 k - 3 scrolls of enchant armour
 m - 5 scrolls of enchant weapon
 n - 2 scrolls of immolation
 u - a scroll of torment {unknown}
 B - 2 scrolls of fear {unknown}
Potions
 d - 3 potions of might
 f - 8 potions of heal wounds
 j - 4 potions of brilliance
 p - 2 potions of flight
 q - 4 potions of curing


   Skills:
 + Level 11.8(16.8) Fighting
 + Level 15.0(20.0) Long Blades
 + Level 14.5(19.5) Armour
 + Level 4.5(9.5) Dodging
 + Level 1.1(6.1) Stealth
 + Level 13.4(18.4) Shields
 + Level 1.2 Invocations
 + Level 0.6 Evocations


You had 12 spell levels left.
You didn't know any spells.
Your spell library contained the following spells:

 Spells                   Type           Power      Damage    Failure   Level
 Pain                     Necr           0%         1d4       83%         1
 Shock                    Conj/Air       0%         1d3       83%         1
 Blink                    Tloc           0%         N/A       93%         2
 Ensorcelled Hibernation  Hex/Ice        0%         N/A       93%         2
 Passwall                 Tmut/Erth      0%         N/A       93%         2
 Static Discharge         Conj/Air       0%         N/A       93%         2
 Sublimation of Blood     Necr           0%         N/A       93%         2
 Wereblood                Tmut           0%         N/A       93%         2
 Ozocubu's Armour         Ice            0%         N/A       99%         3
 Stone Arrow              Conj/Erth      0%         3d7       99%         3
 Swiftness                Air            0%         N/A       99%         3
 Vampiric Draining        Necr           0%         2d6       99%         3
 Airstrike                Air            0%         N/A       100%        4
 Agony                    Necr           0%         N/A       100%        5
 Excruciating Wounds      Necr           0%         N/A       100%        5
 Lightning Bolt           Conj/Air       0%         1d11      100%        5
 Manifold Assault         Tloc           0%         N/A       100%        5
 Metabolic Englaciation   Hex/Ice        0%         N/A       100%        5
 Storm Form               Tmut/Air       0%         N/A       100%        7
 Lehudib's Crystal Spear  Conj/Erth      0%         10d2      100%        8
 Maxwell's Capacitive Co  Air            0%         ∞         100%        8
 Animate Skeleton         Necr           Unusable   N/A       N/A         1
 Animate Armour           Summ/Erth      Unusable   N/A       N/A         4
 Simulacrum               Ice/Necr       Unusable   N/A       N/A         6
 Summon Hydra             Summ           Unusable   N/A       N/A         7

Dungeon Overview and Level Annotations

Branches:
Dungeon (11/15)            Temple (1/1) D:7            Lair (3/6) D:11
 Spider (0/4) Lair:2        IceCv (1/1)
  Swamp: Lair:2-4    Shoals: Lair:2-4       Orc: D:9-12

Altars:
Ashenzari
Cheibriados
Dithmenos
Elyvilon
Fedhas
Gozag
Hepliaklqana
Kikubaaqudgha
Makhleb
Nemelex Xobeh
Okawaru
Ru
Sif Muna
Trog
Uskayaw
Vehumet
Wu Jian
Xom
Yredelemnul
Zin
The Shining One

Shops:
D:5 [*:

Annotations:
D:8 3 runed translucent doors, Zippel's ghost, novice HuFi
D:10 2 transporters


Innate Abilities, Weirdness & Mutations

You have a pair of horns on your head.
You reflexively headbutt those who attack you in melee.


Message History

You block the elephant simulacrum's attack.
The elephant simulacrum trunk-slaps you but does no damage.
You slice the elephant simulacrum!!
You melt the elephant simulacrum.
The elephant simulacrum vaporises!
Okawaru accepts your kill.
Really walk into that cloud of freezing vapour? [Y]es or [N]o only, please.
Really walk into that cloud of freezing vapour?
Okay, then.
Unknown command.
Really walk into that cloud of freezing vapour? [Y]es or [N]o only, please.
Really walk into that cloud of freezing vapour?
Okay, then.
Found 45 gold pieces.
Found a curved smoking staff.
A reaper comes into view.
It is wielding a +1 scythe of freezing and wearing a +2 robe of cold resistance.
You block the reaper's attack.
The reaper hits you from afar with a +1 scythe of freezing!!
The reaper freezes you.
Found a rapier, a halberd of freezing and a chain mail of cold resistance.
You gain the combat prowess of a mighty hero.
The reaper hits you but does no damage.
The reaper hits you with a +1 scythe of freezing!!
The reaper freezes you.
You closely miss the reaper. Your headbutt misses the reaper.
You block the reaper's attack.
You slash the reaper! You burn the reaper. You headbutt the reaper.
The reaper is moderately wounded.
You block the reaper's attack.
You slash the reaper! You burn the reaper.
The reaper is heavily wounded.
You slash the reaper! You burn the reaper!
The reaper is severely wounded.
The reaper hits you with a +1 scythe of freezing!
* * * LOW HITPOINT WARNING * * *
You hit the reaper but do no damage.
The reaper is severely wounded.
The reaper hits you with a +1 scythe of freezing!!
You die...

...# ..## ### ..#
..# .## #. [. .#
##. .. .# ..#.##
#..###.# .#
##.##..#.#..#.#.##
.#
#..#..........#.$#
.#
#.....#.....2@..|#
##
#..°#...####..#.)#
##
#...#.....☼§..#.##
.#
#.#.#...#§§§.##.#
.###...###§§#§☼.#
..
.##......##.#§§##
).
##..#.....#.#..#
..#
#..###.......###
### ...#
#........#


You could see a reaper.

Vanquished Creatures
  Josephine (D:11)
  A boulder beetle (Lair:2)
  4 hydras
  Erica (D:8)
  A catoblepas (Lair:2)
  3 two-headed ogres
  Sonja (Lair:3)
  Urug (Lair:2)
  Pikel (D:6)
  An oklob plant (Lair:1)
  An ugly thing (D:11)
  Joseph (D:7)
  5 elephants (Lair:3)
  2 ice statues (IceCv)
  Maurice (D:8)
  An unseen horror (D:11)
  Maggie (D:8)
  3 cane toads
  5 torpor snails (Lair:2)
  A rime drake (Lair:2)
  A kobold demonologist (D:11)
  5 komodo dragons
  A troll (D:10)
  7 ice devils (IceCv)
  A polar bear (Lair:2)
  4 slime creatures (D:11)
  5 blink frogs (Lair:2)
  17 yaks
  A vampire (D:11)
  4 culicivoras (Lair:2)
  A shadow (D:10)
  5 wraiths
  3 vampire mosquitoes (D:11)
  3 death yak simulacra
  A steam dragon (D:8)
  A harpy simulacrum (IceCv)
  An acid dragon (D:10)
  5 water moccasins
  Duvessa (D:7)
  2 sky beasts
  An orc warrior (D:11)
  A hornet zombie (D:7)
  A black bear (Lair:3)
  An ogre (D:7)
  4 wolves (Lair:1)
  2 necrophages
  4 centaurs
  A phantom (D:5)
  2 lemures (D:6)
  9 bullfrogs
  5 kobold brigands
  3 gnoll sergeants
  A scorpion (D:5)
  3 two-headed ogre simulacra (IceCv)
  A wyvern skeleton (D:7)
  A water moccasin zombie (D:6)
  Dowan (D:7)
  10 killer bees (D:9)
  4 elephant simulacra (IceCv)
  A vampire bat (D:5)
  5 centaur zombies
  A gnoll shaman (D:9)
  A bullfrog zombie (D:6)
  A bullfrog skeleton (D:6)
  Crazy Yiuf (D:7)
  A centaur skeleton (D:7)
  6 orc priests
  4 orc wizards
  2 iguanas (D:6)
  2 spriggan simulacra (IceCv)
  A polar bear simulacrum (IceCv)
  A troll simulacrum (IceCv)
  A killer bee zombie (D:6)
  2 wolf simulacra
  A hound zombie (D:5)
  21 gnolls
  A naga simulacrum (IceCv)
  7 adders
  A shadow imp (D:6)
  2 white imps (IceCv)
  3 ufetubi (IceCv)
  2 worms
  3 fire bats (D:5)
  22 orcs
  2 spectral bats (D:5)
  A bat simulacrum (D:5)
  3 bat skeletons (D:5)
  A bat zombie (D:5)
  7 endoplasms
  4 giant cockroaches
  6 goblins
  6 hobgoblins
  4 jackals
  14 kobolds
  9 quokkas
  7 ball pythons
  16 bats
  2 frilled lizards (D:1)
  4 rats
339 creatures vanquished.

Vanquished Creatures (others)
  47 fungi
  18 plants
65 creatures vanquished.

Grand Total: 404 creatures vanquished

Notes
Turn   | Place    | Note
-------+----------+-------------------------------------------
     0 | D:1      | Peloso the Minotaur Fighter began the quest for the Orb.
     0 | D:1      | Reached XP level 1. HP: 19/19 MP: 0/0
   152 | D:1      | Reached XP level 2. HP: 24/27 MP: 1/1
   404 | D:1      | Reached skill level 1 in Dodging
   845 | D:1      | Found a faded altar of an unknown god.
  1255 | D:2      | Reached XP level 3. HP: 17/33 MP: 2/2
  1403 | D:2      | Reached skill level 3 in Long Blades
  1885 | D:3      | Reached XP level 4. HP: 39/41 MP: 3/3
  2098 | D:3      | Reached skill level 4 in Long Blades
  2108 | D:3      | Reached XP level 5. HP: 38/47 MP: 4/4
  2532 | D:3      | Reached skill level 5 in Armour
  2716 | D:4      | You fall into a shaft and drop 1 floor!
  2716 | D:5      | Entered Level 5 of the Dungeon
  2716 | D:5      | Noticed a phantom
  2716 | D:5      | Found Vatawipe's Book Emporium.
  2727 | D:5      | Killed a phantom
  2897 | D:5      | Found Lishral's Assorted Antiques.
  2904 | D:5      | Reached XP level 6. HP: 55/55 MP: 5/5
  2941 | D:5      | Noticed a sky beast
  2962 | D:4      | Killed a sky beast
  2963 | D:4      | Reached skill level 5 in Fighting
  2963 | D:4      | Reached skill level 5 in Long Blades
  3295 | D:5      | Reached XP level 7. HP: 61/61 MP: 6/6
  3507 | D:5      | Found Duarahima's Antique Armour Boutique.
  3516 | D:5      | Reached skill level 6 in Long Blades
  3568 | D:4      | Identified the ring "Eruts" {Int+3 Slay+4 Stlth+}
  4708 | D:6      | Reached skill level 7 in Long Blades
  4708 | D:6      | Reached skill level 5 in Shields
  4708 | D:6      | Reached XP level 8. HP: 66/70 MP: 7/7
  4888 | D:6      | Noticed Pikel
  4907 | D:6      | Killed Pikel
  4908 | D:6      | Reached skill level 8 in Long Blades
  5219 | D:7      | Noticed Joseph
  5485 | D:7      | Killed Joseph
  5486 | D:7      | Reached skill level 9 in Long Blades
  5762 | D:7      | Reached XP level 9. HP: 78/78 MP: 8/8
  6275 | D:7      | Found a staircase to the Ecumenical Temple.
  6281 | Temple   | Entered the Ecumenical Temple
  6575 | Temple   | Became a worshipper of Warmaster Okawaru
  6647 | D:7      | Noticed a two-headed ogre
  6653 | D:7      | Killed a two-headed ogre
  6654 | D:7      | Reached skill level 10 in Long Blades
  6774 | D:7      | Noticed Duvessa
  6775 | D:7      | Noticed Dowan
  6786 | D:7      | Killed Dowan
  6793 | D:7      | Killed Duvessa
  6960 | D:7      | Found a runed translucent door.
  6961 | D:7      | Noticed Crazy Yiuf
  7095 | D:7      | Killed Crazy Yiuf
  7095 | D:7      | Reached * piety under Okawaru
  7196 | D:8      | Reached skill level 10 in Armour
  7728 | D:8      | Found a runed translucent gate.
  7728 | D:8      | Found a runed translucent gate.
  7730 | D:8      | Found an opulent altar of Gozag.
  7732 | D:8      | Found a runed translucent gate.
  7733 | D:8      | Noticed a tengu warrior
  7733 | D:8      | Noticed Zippel's ghost (novice HuFi)
  7765 | D:8      | Noticed Maggie
  7775 | D:8      | Killed Maggie
  7776 | D:8      | Reached XP level 10. HP: 34/86 MP: 6/9
  8043 | D:8      | Noticed Maurice
  8053 | D:8      | Killed Maurice
  8053 | D:8      | Reached ** piety under Okawaru
  8054 | D:8      | Reached skill level 11 in Long Blades
  8141 | D:8      | Noticed Erica
  8159 | D:8      | Killed Erica
  8681 | D:9      | Found a blossoming altar of Fedhas.
  8841 | D:9      | Found a shadowy altar of Dithmenos.
  9001 | D:9      | Reached skill level 12 in Long Blades
  9166 | D:9      | Noticed a two-headed ogre
  9176 | D:9      | Killed a two-headed ogre
  9176 | D:9      | Reached *** piety under Okawaru
  9593 | D:10     | Entered Level 10 of the Dungeon
  9784 | D:10     | Identified the ring of Xom's Recklessness {*Corrode rPois
                  | Int+2 Dex+4}
  9797 | D:10     | Reached **** piety under Okawaru
  9798 | D:10     | Reached XP level 11. HP: 95/95 MP: 10/10
 10177 | D:10     | Found a transporter.
 10178 | D:10     | Noticed a boulder beetle
 10180 | D:10     | Found a transporter.
 11161 | D:11     | Noticed Josephine
 11171 | D:11     | Killed Josephine
 11171 | D:11     | Reached ***** piety under Okawaru
 11172 | D:11     | Reached skill level 10 in Shields
 11178 | D:11     | Noticed a green ugly thing
 11205 | D:11     | Killed a green ugly thing
 11206 | D:11     | Reached skill level 13 in Long Blades
 11434 | D:11     | Reached skill level 1 in Invocations
 11499 | D:11     | Found a staircase to the Lair.
 11547 | D:11     | Found a white marble altar of Elyvilon.
 11699 | D:11     | Noticed a two-headed ogre
 11706 | D:11     | Killed a two-headed ogre
 11706 | D:11     | Received a gift from Okawaru
 12262 | Lair:1   | Entered Level 1 of the Lair of Beasts
 12373 | Lair:1   | Noticed a six-headed hydra
 12385 | Lair:1   | Killed a one-headed hydra
 12557 | Lair:1   | Reached XP level 12. HP: 106/106 MP: 11/11
 12570 | Lair:1   | Reached skill level 10 in Fighting
 12943 | Lair:1   | Found a blossoming altar of Fedhas.
 13788 | Lair:2   | Reached skill level 14 in Long Blades
 14049 | Lair:2   | Noticed a six-headed hydra
 14055 | Lair:2   | Killed a three-headed hydra
 14199 | Lair:2   | Noticed a seven-headed hydra
 14208 | Lair:2   | Killed a two-headed hydra
 14209 | Lair:2   | Noticed Urug
 14221 | Lair:2   | Killed Urug
 14561 | Lair:2   | Found a hole to the Spider Nest.
 15077 | Lair:2   | Found a snail-covered altar of Cheibriados.
 15479 | Lair:2   | Noticed a boulder beetle
 15494 | Lair:2   | Killed a boulder beetle
 15571 | Lair:2   | Noticed a catoblepas
 15585 | Lair:2   | Killed a catoblepas
 15585 | Lair:2   | Received a gift from Okawaru
 15906 | Lair:3   | Noticed a five-headed hydra
 15915 | Lair:3   | Killed a two-headed hydra
 15920 | Lair:3   | Reached ****** piety under Okawaru
 15924 | Lair:3   | Noticed Sonja
 15933 | Lair:3   | Killed Sonja
 15971 | Lair:3   | Reached XP level 13. HP: 102/116 MP: 12/12
 15978 | Lair:3   | Reached skill level 1 in Stealth
 16018 | Lair:3   | Found a frozen archway.
 16149 | IceCv    | Entered an ice cave
 16278 | IceCv    | Received a gift from Okawaru
 16675 | IceCv    | Reached skill level 15 in Long Blades
 17060 | IceCv    | Noticed a reaper
 17069 | IceCv    | Slain by a reaper

Illustrated notes

Levels and vault maps discovered:
D:1:      dpeg_arrival_lava_temple_mockup, layout_basic, serial_forest,
          infiniplex_forest_end_1, infiniplex_forest_clump_long,
          infiniplex_forest_clump_tiny, infiniplex_forest_clump_tiny,
          infiniplex_forest_lined_room_3, infiniplex_forest_clump_double,
          infiniplex_forest_end_2, infiniplex_forest_clump_diagonal,
          infiniplex_forest_end_1, infiniplex_forest_straight_1,
          chequers_ecumenical_altar_twisty
D:2:      layout_basic, cheibrodos_gnoll_hut
D:3:      layout_loops_cross, serial_shops, shop
D:4:      layout_loops_ring, hangedman_decor_peaks_small, columned_hall_lemuel
D:5:      layout_cave_pools, serial_shops, nicolae_shop_window_shopping,
          nicolae_shop_overgrown_old_shop, shop, minmay_holes, goddamned_bats
D:6:      layout_loops_ring, corexii_item_surrounded_by_moat, uniq_pikel
D:7:      layout_basic, minmay_temple_entry_hall, uniq_crazy_yiuf_cottage,
          uniq_joseph, uniq_duvessa
D:8:      layout_loops_corners, ebering_ghost_gozag, uniq_erica, uniq_maurice,
          uniq_maggie
D:9:      layout_roguey, mainiacjoe_overflow_catch_the_wave,
          minmay_misc_feat_square
D:10:     gammafunk_boulding_lane, layout_basic
D:11:     layout_stronghold, grunt_lair_entry_orc_guard_hut, elyvilon_altar_4,
          uniq_josephine
Temple:   mainiacjoe_temple_cubbyholes
Lair:1:   layout_regular_city, tgw_fedhas
Lair:2:   layout_chaotic_city, hellmonk_spider_entry_life_and_decay,
          kennysheep_snail_temple, serial_bayou_shore_b, uniq_urug
Lair:3:   layout_chaotic_city, minmay_swamp_entry_worms,
          portal_ice_cave_entry_ice_simulacra, roderic_carrion_pond,
          grunt_megastairs_1, uniq_sonja
IceCv:    ice_cave_small_demon

Skill      XL: |  1  2  3  4  5  6  7  8  9 10 11 12 13 |
---------------+----------------------------------------+-----
Armour         | 4 5 6 8 10 11 12 14 | 14.5
Dodging        | 1 2 3 4 |  4.5
Fighting       | 4 5 6 7 8 9 11 | 11.8
Long Blades    | 3 4 5 7 9 10 12 13 14 15 | 15.0
Shields        | 4 5 7 9 10 12 13 | 13.4
Invocations    | 1 |  1.2
Stealth        | 1 |  1.1
Evocations     | |  0.6

Action                   |  1- 3 |  4- 6 |  7- 9 | 10-12 | 13-15 || total
-------------------------+-------+-------+-------+-------+-------++-------
Melee: Long sword        |    90 |    95 |   190 |    12 |       ||   387
       Headbutt          |    10 |     9 |    38 |   103 |    31 ||   191
       Scimitar          |       |       |       |   464 |   144 ||   608
Invok: Heroism           |       |       |     1 |     5 |     1 ||     7
Evoke: Wand              |       |       |       |     2 |       ||     2
  Use: Scroll            |     4 |     2 |     1 |     6 |       ||    13
       Potion            |       |     3 |       |       |       ||     3
 Stab: Paralysed         |       |       |       |     1 |       ||     1
Armor: Scale mail        |    47 |    59 |    85 |       |       ||   191
       Plate armour      |       |       |    31 |   203 |       ||   234
       Chain mail        |       |       |       |    38 |    37 ||    75
Dodge: Dodged            |    37 |    45 |    85 |    81 |    24 ||   272
Block: Buckler           |    16 |    26 |    50 |       |    28 ||   120
       Tower shield      |       |       |    39 |   412 |    78 ||   529
       Reflection        |       |       |       |       |     2 ||     2
